 Dungeon Crawl Stone Soup version 0.30.1-4-g462c640d31 (webtiles) character file.

Game seed: 13691450550976258962

564815 spardeous the Slayer (level 27, 0/215 HPs)
             Began as a Djinni Conjurer on Aug 27, 2023.
             Was an Initiate of Gozag.
             Killed from afar by an orb of fire (15 damage)
             ... with a bolt of fire
             ... on level 1 of the Realm of Zot.
             The game lasted 04:02:40 (112250 turns).

spardeous the Slayer (Djinni Conjurer)            Turns: 112250, Time: 04:02:41

Health: 0/215      AC: 34    Str: 15      XL:     27
Gold:   939        EV: 30    Int: 18 (28) God:    Gozag SH: 31 Dex: 30

rFire   + + +        L - +9 demon trident (flame)
rCold   . . .        W - +8 tower shield {rC+}
rNeg    + + +        J - +10 plate armour of Zuph {rN+ Will- Dex+3}
rPois   ∞            u - +2 helmet {SInv}
rElec   +            m - +3 cloak of Leapfrog {rElec Slay+3}
rCorr   .            Q - +0 pair of fencer's gloves {Riposte Dex+3}
SInv    +            (boots unavailable)
Will    +++..        g - amulet of Thoughtfulness {Acrobat Regen+ Dex+3} Stlth
                     G - ring "Bimpic" {rN++ Will+ MP+9 Dex+3 Stlth-}
HPRegen 1.35/turn    N - ring "Nyffais" {Str+9 Int+6}
MPRegen 0.00/turn

%: acrobat, infuse magic (-1 HP)
@: acrobatic, flying, hasted, very quick
A: sickness immunity, fire resistance 3, cold vulnerability 1, float, innate
caster, HP casting, extra vitality 1, deformed body, deterioration 1, dopey 1,
strong-willed 1, teleportitis 1, weak 2, subdued magic 1, inability to drink
after injury 1, MP-powered wands
}: 3/15 runes: decaying, serpentine, silver
a: Renounce Religion, Potion Petition, Call Merchant, Bribe Branch


You were on level 1 of the Realm of Zot.
You worshipped Gozag.
Gozag was pleased with you.
You visited 11 branches of the dungeon, and saw 48 of its levels.
You also visited: Sewer, Gauntlet and Wizlab.

You collected 28894 gold pieces.
You spent 7689 gold pieces at shops.
You paid 20266 gold pieces to Gozag.

Inventory:

Hand Weapons
 L - a +9 demon trident of flaming (weapon)
 T - the +10 whip of the Lumpy Lives {vamp, rC+ Str+3 Int+3}
   (You bought it in a shop on level 2 of the Orcish Mines)

   Str:       It affects your strength (+3).
   Int:       It affects your intelligence (+3).
   rC:        It protects you from cold.
Armour
 k - the +2 hood of the Assassin {Detect Stab+ Stlth++}
   (You found it on level 4 of the Depths)

   Detect:    It allows the wearer to sense nearby creatures.
   Stab+:     It allows the wearer to make particularly effective stabbing
   attacks against helpless or unaware enemies with any weapon.
   Stlth:     It makes you much more stealthy.
 m - the +3 cloak of Leapfrog (worn) {rElec Slay+3}
   (You found it in a Gauntlet)

   Slay:      It affects your accuracy & damage with ranged weapons and melee
   (+3).
   rElec:     It insulates you from electricity.
 u - a +2 helmet of see invisible (worn)
 F - a +10 plate armour of willpower
 J - the +10 plate armour of Zuph (worn) {rN+ Will- Dex+3}
   (You took it off a deep elf blademaster on level 3 of the Elven Halls)

   Dex:       It affects your dexterity (+3).
   rN:        It protects you from negative energy.
   Will:      It decreases your willpower.
 Q - the +0 pair of fencer's gloves (worn) {Riposte Dex+3}
   (You bought it in a shop on level 1 of the Lair of Beasts)

   Riposte:   It allows the wearer to riposte with melee weapons, swiftly
   retaliating against missed or blocked melee attacks.
   Dex:       It affects your dexterity (+3).
 V - the +3 pair of gloves of Muph {rCorr}
   (You bought it in a shop on level 1 of the Lair of Beasts)

   rCorr:     It protects you from acid and corrosion.
 W - a +8 tower shield of cold resistance (worn)
 Z - a +0 kite shield of protection
Magical Staves
 U - the staff of poison "Doro" {rPois Str+3}
   (You found it in a Gauntlet)

   [staff of poison]

   Your inability to study Poison Magic prevents you from drawing on the full
   power of this staff in melee.
   Base accuracy: +5 Base damage: 5 Base attack delay: 1.2 This weapon's minimum
   attack delay (0.6) is reached at skill level 12.
   Str:       It affects your strength (+3).
   rPois:     It protects you from poison.
   It falls into the 'Staves' category.
   It is a one-handed weapon.
 Y - the staff of cold "Roam" {rC+ Int+5}
   (You found it in a Gauntlet)

   [staff of cold]

   Your inability to study Ice Magic prevents you from drawing on the full power
   of this staff in melee.
   Base accuracy: +5 Base damage: 5 Base attack delay: 1.2 This weapon's minimum
   attack delay (0.6) is reached at skill level 12.
   Int:       It affects your intelligence (+5).
   rC:        It protects you from cold.
   It falls into the 'Staves' category.
   It is a one-handed weapon.
Jewellery
 d - the ring "Ziru" {rC+ EV+5 Str+3 Int-3}
   (You found it on level 3 of the Depths)

   [ring of evasion]

   EV:        It affects your evasion (+5).
   Str:       It affects your strength (+3).
   Int:       It affects your intelligence (-3).
   rC:        It protects you from cold.
 g - the amulet of Thoughtfulness (around neck) {Acrobat Regen+ Dex+3}
   (You bought it in a shop on level 1 of the Lair of Beasts)

   [amulet of the acrobat]

   It increases your evasion while moving and waiting.
   Dex:       It affects your dexterity (+3).
   Regen:     It increases your rate of health regeneration.
 i - the ring of Nungump {*Slow rPois rC+ AC+4 Str+4}
   (You found it on level 3 of the Crypt)

   [ring of protection]

   AC:        It affects your AC (+4).
   Str:       It affects your strength (+4).
   rC:        It protects you from cold.
   rPois:     It protects you from poison.
   *Slow:     It may slow you when you take damage.
 G - the ring "Bimpic" (left hand) {rN++ Will+ MP+9 Dex+3 Stlth-}
   (You bought it in a shop on level 1 of the Lair of Beasts)

   [ring of magical power]

   Dex:       It affects your dexterity (+3).
   rN:        It greatly protects you from negative energy.
   MP:        It affects your magic capacity (+9).
   Will:      It increases your willpower.
   Stlth:     It makes you less stealthy.
 N - the ring "Nyffais" (right hand) {Str+9 Int+6}
   (You bought it in a shop on level 1 of the Lair of Beasts)

   [ring of intelligence]

   Str:       It affects your strength (+9).
   Int:       It affects your intelligence (+6).
Wands
 y - a wand of roots (56)
 B - a wand of flame (157)
 E - a wand of mindburst (52)
 H - a wand of digging (29)
Scrolls
 a - 4 scrolls of poison
 b - 10 scrolls of enchant armour
 e - 6 scrolls of summoning
 h - 33 scrolls of teleportation
 n - 13 scrolls of immolation
 o - 4 scrolls of magic mapping
 q - 6 scrolls of vulnerability
 s - 5 scrolls of fear
 x - 5 scrolls of brand weapon
 K - 7 scrolls of blinking
 M - 3 scrolls of torment
 P - 7 scrolls of silence
 S - 4 scrolls of fog
Potions
 c - 9 potions of cancellation
 j - 2 potions of heal wounds
 l - 4 potions of berserk rage
 p - 9 potions of invisibility
 r - 2 potions of haste
 t - 7 potions of mutation
 v - 7 potions of ambrosia
 z - 7 potions of brilliance
 A - 9 potions of attraction
 C - 5 potions of resistance
 D - a potion of curing
 I - 6 potions of lignification
 O - 8 potions of might
Miscellaneous
 R - a condenser vane (inert)


   Skills:
 - Level 23.0 Fighting
 - Level 15.6 Polearms
 - Level 19.1 Armour
 + Level 17.3 Dodging
 - Level 5.0 Stealth
 - Level 15.4 Shields
 - Level 23.0 Spellcasting


You knew the following spells:

 Your Spells              Type           Power      Damage    Failure   Level
a - Magic Dart            Conj           100%       1d8       0%          1
b - Searing Ray           Conj           100%       2d8       0%          2
c - Dazzling Flash        Conj/Hex       100%       N/A       0%          3
d - Fulminant Prism       Conj/Hex       34%        3d15      1%          4
e - Iskenderun's Mystic   Conj/Tloc      68%        2d14      1%          4
f - Kiss of Death         Conj/Necr      100%       2d13      0%          1
g - Ensorcelled Hibernat  Hex/Ice        100%       N/A       0%          2
h - Static Discharge      Conj/Air       100%       2-7/arc   0%          2
i - Inner Flame           Hex/Fire       68%        N/A       0%          3
j - Summon Forest         Summ/Tloc      34%        N/A       1%          5
k - Alistair's Intoxicat  Tmut/Pois      45%        N/A       1%          5
l - Dispersal             Tloc           34%        N/A       1%          6
m - Dragon Form           Tmut           34%        N/A       5%          7
n - Summon Hydra          Summ           34%        N/A       5%          7
o - Summon Horrible Thin  Summ           34%        N/A       45%         8
p - Infestation           Necr           34%        N/A       45%         8
q - Disjunction           Tloc           34%        N/A       45%         8
r - Death's Door          Necr           34%        N/A       100%        9
Your spell library was empty.


Dungeon Overview and Level Annotations

Branches:
Dungeon (15/15)            Temple (1/1) D:6            Lair (5/5) D:8
  Swamp (4/4) Lair:2        Snake (4/4) Lair:3        Slime (0/5) Lair:4
    Orc (2/2) D:11            Elf (3/3) Orc:2        Vaults (5/5) D:14
  Crypt (3/3) Vaults:3       Tomb (0/3) Crypt:3      Depths (4/4) D:15
    Zot (2/5) Depths:4      Sewer (visited)          WizLab (visited)
Gauntlet (visited)

Altars:
Ashenzari
Cheibriados
Dithmenos
Elyvilon
Fedhas
Gozag
Hepliaklqana
Makhleb
Okawaru
Qazlal
Ru
Trog
Uskayaw
Wu Jian
Xom
Yredelemnul
Zin
The Shining One
Jiyva

Shops:
D:5 *   Orc:1 [   Orc:2 ((?:   Lair:1 ==([==!=[([[=(   Snake:3 *?:?
Vaults:1 (   Depths:2 =   Depths:4 *[(*!=:

Portals:
Hell: Depths:1 Depths:2 Depths:3 Depths:4
Abyss: Depths:2 Depths:3 Depths:4
Pandemonium: Depths:2 Depths:3
Ziggurat: Depths:3
Trove: D:11 (give +4 fire dragon scales)


Innate Abilities, Weirdness & Mutations

You are immune to sickness and miasma.
You are immune to poison.
Your flesh is almost immune to the effects of heat. (rF+++)
You are vulnerable to cold. (rC-)
You float through the air rather than walking.
You learn spells naturally, not from books.
Your magical power is your life essence.
You have superior vitality. (+4 MHP)
Armour fits poorly on your strangely shaped body.
Your body sometimes deteriorates upon taking damage.
You are dopey. (Int -2)
You are strong-willed. (Will+)
You are occasionally teleported next to monsters.
You are very weak. (Str -4)
Your spells are a little easier to cast, but a little less powerful.
You occasionally lose the ability to drink potions when taking damage.
You expend health (3 HP) to strengthen your wands.


Message History

You take 6 damage, and have 22/215 hp.
Unknown command.
Reach: L) +9 demon trident (flame)
Press: ? - help, Dir - move target, f/p - orb of fire
Aim: an orb of fire (grey smoke, almost destroyed, ally target, about 34% to evade your +9 demon trident of flaming)
You could not reach far enough!
The orb of fire glows red.
The fireball explodes!
The fireball engulfs your four-headed hydra!!!!
Your four-headed hydra dies!
Your four-headed hydra's corpse disappears in a puff of smoke!
The fireball engulfs you! You resist.
* * * LOW HITPOINT WARNING * * *
The fireball engulfs the orb of fire.
The orb of fire completely resists.
Unknown command.
You take 16 damage, and have 6/215 hp.
You feel much better.
The orb of fire glows deep purple.
The bolt of fire hits you but does no damage.
You resist.
You regained 27 hp, and now have 33/215 hp.
Casting: Summon Hydra (dangerous; 5% risk of failure)
Confirm with . or Enter, or press ? or * to list all spells.
An eight-headed hydra appears.
* * * LOW HITPOINT WARNING * * *
The orb of fire glows yellow.
The fireball explodes!
The fireball engulfs you! You resist.
* * * LOW HITPOINT WARNING * * *
The fireball engulfs your eight-headed hydra!!!
Unknown command.
You take 19 damage, and have 14/215 hp.
Unknown command.
You swap places.
The orb of fire glows deep purple.
The bolt of fire hits your eight-headed hydra!
Your eight-headed hydra dies!
Your eight-headed hydra's corpse disappears in a puff of smoke!
The bolt of fire hits you! You resist.
You die...
Your body crumbles into a pile of gold.

...............................#.
####...###################.#.#.#.
##...........# #...............#.
#......#####.###.#########.#)###.
.#.....#.......#.#..........)....
......##.###.#.#.#.######..))####
....###...[..#.#.#.# #.....)..
...........#.#.#.#.######.#######
.....∩...#.#...#@#.#......#
###.#....#.#.###§#.#......#
#........#.# #§#.#......#
#######..#.# #*#.'......#
#....###.###......#
##...#...^.##..########
#.#...#..............#
#..........(.........#
#......>[..##........###


There were no monsters in sight!

Vanquished Creatures
  A dread lich (Crypt:3)
  A juggernaut (Depths:3)
  Bai Suzhen (Snake:3)
  A Head Instructor (WizLab)
  the Lernaean hydra (Swamp:4)
  Saint Roka (Elf:3)
  Vashnia (Snake:3)
  A caustic shrike (Depths:3)
  4 golden dragons
  An electric golem (Zot:1)
  Mlioglotl (Swamp:1)
  2 liches
  10 tentacled monstrosities
  4 deep elf blademasters
  4 quicksilver dragons
  The ghost of Akuuror the Warrior, an adept GrFi of Okawaru (Snake:3)
  Asterion (Vaults:2)
  4 deep elf master archers (Elf:3)
  5 sphinxes
  A death cob (Zot:1)
  4 storm dragons
  2 tengu reavers
  The ghost of Himmaryad the Brawler, an adept TrMo of Nemelex Xobeh (Depths:2)
  4 draconian knights
  A draconian monk (Zot:1)
  The ghost of SweetJohnnyV the Severer, a journeyman MiBe of Trog (Depths:2)
  10 nagarajas
  7 fire giants
  6 deep elf sorcerers (Elf:3)
  A balrug (Depths:4)
  3 iron dragons
  4 frost giants
  The ghost of shmup the Devastator, an adept TeFE of Nemelex Xobeh (Swamp:1)
  Aizul (Snake:1)
  17 vault wardens
  2 draconian shifters (Zot:1)
  An orc warlord (Vaults:3)
  20 very ugly things
  22 ironbound preservers
  3 spriggan defenders
  2 deep elf elementalists (Elf:3)
  A draconian stormcaller (Zot:1)
  A draconian annihilator (Zot:1)
  4 deep elf demonologists
  2 grey draconians (Depths:4)
  7 ironbound thunderhulks
  2 eleionomae (Swamp:1)
  3 green draconians
  16 stone giants
  2 war gargoyles
  7 deep elf annihilators
  8 dire elephants
  2 purple draconians (Depths:4)
  3 black draconians (Zot:1)
  6 vampire knights
  2 white draconians (Depths:4)
  A spark wasp (Depths:3)
  A minotaur (Gauntlet)
  6 deep elf death magi (Elf:3)
  4 ettins
  Snorg (D:11)
  A jiangshi (Vaults:3)
  An ettin (shapeshifter) (D:10)
  9 yaktaur captains
  8 fire dragons
  An entropy weaver (Vaults:2)
  3 deep elf high priests
  4 rakshasas
  A crystal guardian (Vaults:2)
  3 great orbs of eyes
  A hell beast (Depths:2)
  2 peacekeepers
  6 vault guards
  7 spriggan air magi
  3 salamander tyrants
  10 hydras
  10 anacondas
  3 ogre magi
  11 ice dragons
  7 ironbound frosthearts
  A death knight (D:10)
  34 dancing weapons
  6 two-headed ogres
  10 hell hogs (Depths:3)
  4 death yaks
  8 deep troll shamans
  3 alligators
  14 centaur warriors
  21 naga warriors
  3 shock serpents
  4 deep troll earth magi
  4 vampire magi
  2 orc high priests
  10 tengu warriors
  2 sun demons (Depths:4)
  9 hell knights
  5 spriggan berserkers
  14 naga sharpshooters
  A skyshark (Lair:5)
  22 deep elf knights
  A wretched star (Gauntlet)
  A fire crab (Lair:5)
  A skeletal warrior (Crypt:3)
  A soul eater (Depths:4)
  7 iron trolls
  2 salamander mystics
  3 goliath frogs
  6 sea snakes (Snake:4)
  82 deep trolls
  3 glowing orange brains
  9 naga ritualists
  A spriggan druid (Swamp:2)
  9 deep elf archers
  3 bog bodies
  An orb spider (shapeshifter) (Depths:4)
  10 lindwurms
  5 swamp dragons
  A harpy (Vaults:4)
  4 orc knights
  9 ironbound convokers
  13 wizards
  31 deep elf zephyrmancers
  Pikel (D:5)
  7 necromancers
  21 deep elf pyromancers
  6 orc sorcerers
  12 mana vipers
  A wolf spider zombie (D:15)
  9 cyclopes
  The ghost of rozman the Unseen, a novice SpBr of Dithmenos (D:7)
  5 phantasmal warriors
  41 ugly things
  2 manticores (D:14)
  A stone giant zombie (Vaults:4)
  A will-o-the-wisp (Swamp:1)
  17 salamanders
  6 moths of wrath
  43 black mambas
  10 guardian serpents
  8 elephants
  Maurice (D:10)
  A smoke demon (Depths:2)
  26 naga magi
  A gargoyle (D:11)
  2 centaur skeletons (D:15)
  20 vault sentinels
  3 molten gargoyles (Lair:5)
  A human zombie (Vaults:4)
  2 unseen horrors
  7 cane toads
  21 rime drakes
  12 komodo dragons
  A minotaur zombie (Gauntlet)
  2 ice devils (Depths:2)
  A cane toad (shapeshifter) (Elf:1)
  An efreet (D:15)
  39 yaktaurs
  A kobold demonologist (D:11)
  5 tengu conjurers
  2 red devils (Depths:2)
  A queen bee (shapeshifter) (Elf:1)
  2 hellwings (Depths:2)
  2 trolls
  2 bloated husks
  2 polar bears
  The ghost of hawla the Firebug, an amateur MeFE of Vehumet (D:5)
  A wolf spider simulacrum (D:15)
  16 blink frogs
  A large abomination (Gauntlet)
  5 tyrant leeches
  17 dream sheep
  3 hornets
  17 nameless horrors
  A meliai zombie (D:15)
  33 slime creatures
  A centaur simulacrum (D:15)
  5 shadows
  A wraith (D:11)
  9 wyverns
  3 fire elementals
  3 spriggans
  A spriggan (shapeshifter) (D:14)
  2 water elementals
  Eustachio (D:5)
  A basilisk (shapeshifter) (D:14)
  43 yaks
  An unseen horror simulacrum (D:10)
  5 redbacks
  17 vampire mosquitoes
  A chaos spawn (Depths:2)
  A neqoxec (Gauntlet)
  7 steam dragons
  2 basilisks
  Menkaure (D:6)
  52 nagas
  5 wargs
  An acid dragon (D:10)
  10 swamp worms
  4 hell hounds (Lair:5)
  Duvessa (D:5)
  13 water moccasins
  A glowing shapeshifter skeleton (Vaults:4)
  25 orc warriors
  A sky beast (D:7)
  A boggart (Elf:1)
  14 centaurs
  26 wolves
  A dream sheep skeleton (Crypt:2)
  8 ogres
  2 lemures (D:5)
  A phantom (D:11)
  3 kobold brigands (Sewer)
  7 bullfrogs
  6 small abominations (Gauntlet)
  2 scorpions
  4 earth elementals
  14 wights
  A troll zombie (D:11)
  Dowan (D:5)
  12 killer bees
  5 electric eels
  3 howler monkeys
  8 jellies
  7 lava snakes
  3 hounds
  26 orc priests
  A hound (shapeshifter) (D:14)
  3 sleepcaps (D:5)
  2 iguanas (D:6)
  Ijyb (D:5)
  Natasha (D:3)
  7 hell rats (Lair:2)
  40 orc wizards
  5 ogre zombies (D:11)
  A boggart simulacrum (D:15)
  Robin (D:2)
  8 gnolls
  10 adders
  4 river rats
  A shadow imp (D:6)
  4 white imps
  3 ufetubi
  A worm (D:3)
  3 dart slugs
  85 orcs
  9 endoplasms
  9 giant cockroaches
  15 goblins
  10 hobgoblins
  18 kobolds
  A quokka (D:5)
  11 ball pythons
  8 bats
  5 frilled lizards
  2 goblin skeletons (D:11)
  3 goblin zombies (D:11)
  4 hobgoblin zombies (D:11)
  An orc skeleton (D:11)
  9 orc zombies (D:11)
  8 rats
1821 creatures vanquished.

Vanquished Creatures (collateral kills)
  3 dread liches
  Mennas (Vaults:5)
  Jory (Crypt:3)
  2 bone dragons (Crypt:3)
  2 tentacled monstrosities (Vaults:5)
  2 liches
  4 ancient champions (Crypt:3)
  3 quicksilver dragons
  6 titans (Vaults:5)
  A sphinx (Vaults:4)
  5 tengu reavers
  3 shadow dragons
  4 storm dragons
  5 revenants
  Roxanne (Swamp:2)
  A draconian monk (Zot:1)
  3 frost giants
  4 vault wardens
  A frost giant (shapeshifter) (Vaults:4)
  Louise (Swamp:2)
  2 curse skulls
  A draconian annihilator (Zot:1)
  2 ironbound thunderhulks
  2 juggernaut skeletons
  2 ironbound preservers
  2 stone giants (Vaults:5)
  8 very ugly things
  3 ghouls
  A broodmother (shapeshifter) (Vaults:5)
  5 eleionomae
  5 vampire knights
  2 deep elf demonologists
  A white draconian (Zot:1)
  A purple draconian (Zot:2)
  3 deep elf annihilators
  A yellow draconian (Zot:1)
  8 ettins
  An eidolon (Crypt:3)
  3 jiangshi
  3 deep elf death magi
  4 yaktaur captains
  A mummy priest (Crypt:3)
  An entropy weaver (Vaults:3)
  2 deep elf high priests (Vaults:5)
  22 vault guards
  A great orb of eyes (Vaults:5)
  A quicksilver dragon skeleton (Crypt:3)
  2 ogre magi
  18 hydras
  A ghost crab (Swamp:4)
  3 ice dragons
  2 ironbound frosthearts (Vaults:2)
  A boulder beetle (Vaults:1)
  2 deep troll shamans (Depths:4)
  2 spriggan air magi
  An Orb Guardian zombie (Crypt:1)
  A tengu warrior (Depths:4)
  5 two-headed ogres
  An azure jelly zombie (Crypt:3)
  8 alligators
  3 vampire magi
  3 hell knights (WizLab)
  2 spriggan berserkers (Depths:2)
  A spriggan (Swamp:1)
  2 soul eaters
  A titan skeleton (Crypt:3)
  An iron troll (Depths:2)
  2 shadow wraiths (Crypt:3)
  15 skeletal warriors
  4 flayed ghosts
  2 goliath frogs
  3 deep trolls
  2 spriggan druids (Swamp:3)
  4 deep elf archers
  7 bog bodies
  18 swamp dragons
  4 glowing orange brains
  2 necromancers
  A wizard (WizLab)
  11 phantasmal warriors
  2 orc knights (Vaults:5)
  A deep elf zephyrmancer (Elf:3)
  3 ironbound convokers
  2 ugly things (Depths:2)
  A deep elf pyromancer (Elf:1)
  A salamander (shapeshifter) (Vaults:4)
  8 will-o-the-wisps
  2 iron dragon skeletons (Crypt:3)
  4 mana vipers (WizLab)
  A shock serpent zombie (Crypt:1)
  A moth of wrath (Zot:1)
  6 vault sentinels
  3 freezing wraiths
  A purple draconian zombie (Crypt:2)
  A yaktaur (Vaults:4)
  A redback zombie (Crypt:2)
  An unseen horror zombie (Crypt:3)
  A minotaur skeleton (Crypt:3)
  2 tengu conjurers (WizLab)
  6 guardian mummies (Crypt:3)
  A hornet (Swamp:1)
  4 tyrant leeches
  5 flying skulls
  A satyr skeleton (Crypt:1)
  6 wraiths
  A black mamba zombie (Crypt:3)
  2 wargs (Vaults:5)
  A water nymph zombie (Crypt:2)
  9 swamp worms
  A warg (shapeshifter) (Vaults:5)
  A harpy simulacrum (Crypt:3)
  A faun skeleton (Crypt:3)
  A cane toad zombie (Crypt:2)
  An entropy weaver zombie (Crypt:1)
  5 swamp drakes (Swamp:4)
  An orc warrior (Vaults:5)
  21 nameless horrors
  A lindwurm zombie (Crypt:2)
  A centaur (shapeshifter) (Vaults:5)
  A draconian zombie (Crypt:3)
  3 necrophages
  A water moccasin skeleton (Crypt:1)
  An orc priest (Vaults:5)
  A centaur skeleton (Crypt:1)
  A naga zombie (Crypt:1)
  An ogre skeleton (Crypt:1)
  A howler monkey skeleton (Crypt:2)
  An orc (Vaults:5)
  A gnoll zombie (Crypt:2)
  A dart slug zombie (Crypt:2)
  A quokka skeleton (Crypt:1)
  A rat skeleton (Crypt:1)
403 creatures vanquished.

Vanquished Creatures (others)
  Margery (Vaults:4)
  A shock serpent (Snake:3)
  An ironbound convoker (Vaults:5)
  A moth of wrath (Zot:2)
  A bloated husk (Swamp:3)
  A swamp worm (Swamp:4)
  42 foxfires
  2 snaplasher vines
50 creatures vanquished.

Grand Total: 2274 creatures vanquished

Notes
Turn   | Place    | Note
-------+----------+-------------------------------------------
     0 | D:1      | spardeous the Djinni Conjurer began the quest for the Orb.
     0 | D:1      | spardeous set off with the following spells memorised:
                  | Magic Dart, Searing Ray, Dazzling Flash, Fulminant Prism,
                  | Iskenderun's Mystic Blast.
     0 | D:1      | Reached XP level 1. HP: 15/15 MP: 0/0
   123 | D:1      | Reached XP level 2. HP: 8/21 MP: 0/0
   556 | D:1      | Reached XP level 3. HP: 23/25 MP: 0/0
   556 | D:1      | Learned a level 1 spell: Kiss of Death
  1458 | D:2      | Reached XP level 4. HP: 27/31 MP: 0/0
  1887 | D:2      | Noticed Robin
  1900 | D:2      | Killed Robin
  2107 | D:2      | Reached XP level 5. HP: 34/35 MP: 0/0
  2107 | D:2      | Learned a level 2 spell: Ensorcelled Hibernation
  2707 | D:3      | Noticed Natasha
  2716 | D:3      | Killed Natasha
  2717 | D:3      | Reached skill level 5 in Spellcasting
  2773 | D:3      | Found a glowing drain.
  2848 | Sewer    | Entered a sewer
  2939 | Sewer    | Noticed a kobold brigand
  2940 | Sewer    | Noticed a kobold brigand
  2949 | Sewer    | Killed a kobold brigand
  2950 | Sewer    | Reached XP level 6. HP: 30/40 MP: 0/0
  3071 | Sewer    | Reached XP level 7. HP: 40/45 MP: 0/0
  3071 | Sewer    | Learned a level 2 spell: Static Discharge
  3359 | D:3      | Found a broken altar of Ashenzari.
  4862 | D:5      | Entered Level 5 of the Dungeon
  4862 | D:5      | Noticed hawla's ghost (amateur MeFE)
  4862 | D:5      | Found a runed translucent gate.
  4876 | D:5      | Found a runed translucent gate.
  4876 | D:5      | Found a runed translucent gate.
  5032 | D:5      | Noticed Ijyb
  5043 | D:5      | Killed Ijyb
  5043 | D:5      | Noticed Duvessa
  5045 | D:5      | Noticed Pikel
  5407 | D:5      | Noticed Dowan
  5456 | D:5      | Killed Duvessa
  5456 | D:5      | Killed Dowan
  5457 | D:5      | Reached XP level 8. HP: 30/50 MP: 0/0
  5599 | D:5      | Found Ycatsyu's General Store.
  5616 | D:5      | Bought 2 scrolls of teleportation for 90 gold pieces
  5665 | D:5      | Noticed Eustachio
  5674 | D:5      | Killed Eustachio
  6321 | D:5      | Killed Pikel
  6322 | D:5      | Reached XP level 9. HP: 34/55 MP: 0/0
  6322 | D:5      | Learned a level 3 spell: Inner Flame
  6445 | D:5      | Killed hawla's ghost
  6656 | D:5      | Found Ycatsyu's General Store.
  7032 | D:6      | Noticed Menkaure
  7045 | D:6      | Killed Menkaure
  7250 | D:6      | Found a hide-covered altar of Uskayaw.
  7513 | D:6      | Found a staircase to the Ecumenical Temple.
  7618 | D:6      | Found a white marble altar of Elyvilon.
  7697 | D:6      | Found an iron altar of Okawaru.
  7762 | Temple   | Entered the Ecumenical Temple
  7855 | Temple   | Became a worshipper of Gozag Ym Sagoz the Greedy
  7991 | D:6      | Found a snail-covered altar of Cheibriados.
  8184 | D:6      | Reached skill level 10 in Spellcasting
  8965 | D:6      | Reached XP level 10. HP: 56/60 MP: 0/0
  9144 | D:7      | You are sucked into a shaft and drop 3 floors!
  9144 | D:10     | Entered Level 10 of the Dungeon
 10337 | D:8      | Noticed a two-headed ogre
 10351 | D:8      | Killed a two-headed ogre
 10460 | D:8      | Noticed a death yak
 10460 | D:8      | Noticed a death yak
 10461 | D:8      | Noticed a death yak
 10470 | D:8      | Killed a death yak
 10650 | D:8      | Killed a death yak
 10751 | D:8      | Killed a death yak
 10752 | D:8      | Reached XP level 11. HP: 10/71 MP: 0/0
 10752 | D:8      | Learned a level 5 spell: Summon Forest
 11058 | D:8      | Found a staircase to the Lair.
 11385 | D:8      | Found a stormy altar of Qazlal.
 11670 | D:7      | Reached skill level 5 in Fighting
 11970 | D:7      | Found a basalt altar of Yredelemnul.
 12016 | D:7      | Found a shimmering altar of Xom.
 12173 | D:7      | Found a runed translucent door.
 12173 | D:7      | Found a shimmering altar of Xom.
 12173 | D:7      | Noticed rozman's ghost (novice SpBr)
 12173 | D:7      | Noticed a +1 mace of chaos
 12339 | D:7      | Killed a +1 mace of chaos
 12340 | D:7      | Killed rozman's ghost
 12643 | D:9      | Noticed a two-headed ogre
 12658 | D:9      | Killed a two-headed ogre
 13351 | D:10     | Noticed a two-headed ogre
 13361 | D:10     | Killed a two-headed ogre
 13451 | D:10     | Noticed a deep elf pyromancer
 13467 | D:10     | Killed a deep elf pyromancer
 13701 | D:10     | Noticed a cyclops
 13705 | D:10     | Killed a cyclops
 13706 | D:10     | Reached XP level 12. HP: 20/91 MP: 0/0
 14271 | D:10     | Noticed Maurice
 14276 | D:10     | Killed Maurice
 14277 | D:10     | Reached skill level 10 in Fighting
 14453 | D:10     | Noticed an ettin
 14477 | D:10     | Killed an ettin
 14704 | D:10     | Noticed a death knight
 14715 | D:10     | Killed a death knight
 15029 | D:11     | Found a portal to a secret trove of treasure.
 15058 | D:11     | Reached skill level 1 in Armour
 15727 | D:11     | Reached skill level 5 in Armour
 16296 | D:11     | Found a staircase to the Orcish Mines.
 16847 | D:11     | Noticed Snorg
 16864 | D:11     | Killed Snorg
 17266 | D:11     | Found a staircase to the Orcish Mines.
 17387 | D:11     | Found a portal to a secret trove of treasure.
 18048 | D:12     | Noticed a six-headed hydra
 18059 | D:12     | Killed a six-headed hydra
 18060 | D:12     | Reached XP level 13. HP: 77/99 MP: 0/0
 18060 | D:12     | Learned a level 5 spell: Alistair's Intoxication
 19792 | D:13     | Reached skill level 10 in Armour
 19917 | D:13     | Noticed a centaur warrior
 19919 | D:13     | Noticed a centaur warrior
 19919 | D:13     | Noticed a centaur warrior
 19921 | D:13     | Noticed a centaur warrior
 19937 | D:13     | Killed a centaur warrior
 19945 | D:13     | Killed a centaur warrior
 19964 | D:13     | Killed a centaur warrior
 20242 | D:13     | Noticed a four-headed hydra
 20249 | D:13     | Killed a four-headed hydra
 20474 | D:13     | Killed a centaur warrior
 21647 | D:14     | Noticed a centaur warrior
 21664 | D:14     | Killed a centaur warrior
 21665 | D:14     | Reached skill level 5 in Dodging
 22295 | D:14     | Found a gate to the Vaults.
 22962 | D:14     | Reached XP level 14. HP: 61/105 MP: 0/0
 23208 | D:14     | Found a hide-covered altar of Uskayaw.
 23795 | D:15     | Entered Level 15 of the Dungeon
 23849 | D:15     | Reached skill level 10 in Dodging
 24020 | D:15     | Found an ornate altar of the Wu Jian Council.
 24089 | D:15     | Reached skill level 1 in Shields
 24645 | D:15     | Found a staircase to the Depths.
 24852 | D:15     | Reached skill level 5 in Shields
 26503 | D:15     | Found a staircase to the Depths.
 26633 | D:15     | Found an ornate altar of the Wu Jian Council.
 27001 | Lair:1   | Entered Level 1 of the Lair of Beasts
 27365 | Lair:1   | Found a gate leading to a gauntlet.
 27383 | Gauntlet | Entered a Gauntlet
 27383 | Gauntlet | Found a transporter.
 27383 | Gauntlet | Found a transporter.
 27535 | Gauntlet | Found a transporter.
 27535 | Gauntlet | Found a transporter.
 27537 | Gauntlet | Found a large runed translucent door.
 27538 | Gauntlet | Found a large runed translucent door.
 27539 | Gauntlet | Found a large runed translucent door.
 27539 | Gauntlet | Found a large runed translucent door.
 27539 | Gauntlet | Found a runed translucent door.
 27539 | Gauntlet | Found a runed translucent door.
 27540 | Gauntlet | Found a large runed translucent door.
 27541 | Gauntlet | Found a large runed translucent door.
 27541 | Gauntlet | Found a large runed translucent door.
 27541 | Gauntlet | Found a large runed translucent door.
 27542 | Gauntlet | Found a large runed translucent door.
 27543 | Gauntlet | Found a transporter.
 27543 | Gauntlet | Found a large runed translucent door.
 27556 | Gauntlet | Found a large runed translucent door.
 27556 | Gauntlet | Found a large runed translucent door.
 27557 | Gauntlet | Found a large runed translucent door.
 27557 | Gauntlet | Found a large runed translucent door.
 27557 | Gauntlet | Found a large runed translucent door.
 27557 | Gauntlet | Found a large runed translucent door.
 27560 | Gauntlet | Found a runed translucent gate.
 27560 | Gauntlet | Found a runed translucent gate.
 27560 | Gauntlet | Found a runed translucent gate.
 27562 | Gauntlet | Found a transporter.
 27570 | Gauntlet | Found a transporter.
 27572 | Gauntlet | Found a transporter.
 27572 | Gauntlet | Found a transporter.
 27576 | Gauntlet | Found a transporter.
 27612 | Gauntlet | Found a transporter.
 27656 | Gauntlet | Found a transporter.
 27671 | Gauntlet | Found a transporter.
 27685 | Gauntlet | Found a transporter.
 27785 | Gauntlet | Found a transporter.
 27803 | Gauntlet | Found a transporter.
 28046 | Gauntlet | Reached XP level 15. HP: 95/110 MP: 0/0
 28046 | Gauntlet | Learned a level 6 spell: Dispersal
 28052 | Gauntlet | Identified the +3 cloak of Leapfrog {rElec Slay+3}
 28391 | Gauntlet | Identified the ring "Zeponner" {rPois Will- Str+6 Stlth+}
 28545 | Gauntlet | Identified a scroll of acquirement
 28548 | Gauntlet | Identified the staff of cold "Roam" {rC+ Int+5}
 28548 | Gauntlet | Identified the staff of poison "Doro" {rPois Str+3}
 28736 | Lair:1   | Acquired a manual of Armour
 29107 | Lair:2   | You are sucked into a shaft and drop 1 floor!
 29553 | Lair:3   | Found a staircase to the Snake Pit.
 31441 | Lair:2   | Found a staircase to the Swamp.
 32027 | Lair:2   | Found a staircase to the Swamp.
 33432 | Lair:4   | Found a staircase to the Slime Pits.
 33574 | Lair:4   | Found a viscous altar of Jiyva.
 33810 | Lair:4   | Reached skill level 15 in Spellcasting
 34212 | Lair:4   | Found a staircase to the Slime Pits.
 34214 | Lair:4   | Found a viscous altar of Jiyva.
 34547 | Lair:5   | Entered Level 5 of the Lair of Beasts
 34554 | Lair:5   | Reached XP level 16. HP: 105/116 MP: 0/0
 35982 | Lair:5   | Found a large runed translucent door.
 35988 | Lair:5   | Found a large runed translucent door.
 37720 | Lair:1   | Bought the ring "Nyffais" {Str+9 Int+6} for 928 gold pieces
 37726 | Lair:1   | Bought a glowing ring mail for 280 gold pieces
 37726 | Lair:1   | Bought a shiny ring mail for 280 gold pieces
 37830 | Orc:1    | Entered Level 1 of the Orcish Mines
 37839 | Orc:1    | Found Ciastreru's Antique Armour Boutique.
 38470 | Orc:1    | You are sucked into a shaft and drop 1 floor!
 38470 | Orc:2    | Entered Level 2 of the Orcish Mines
 39107 | Orc:2    | Found Gutuer's Book Boutique.
 39107 | Orc:2    | Found Rupton's Antique Weapon Shop.
 39114 | Orc:2    | Found Zaofudesm's Weapon Shop.
 39119 | Orc:2    | Found Koneofaq's Magic Scroll Boutique.
 39180 | Orc:2    | Bought a scroll of identify for 34 gold pieces
 39180 | Orc:2    | Bought a scroll of identify for 34 gold pieces
 39298 | Orc:2    | Found a staircase to the Elven Halls.
 39328 | Orc:2    | Paralysed by an orc sorcerer for 4 turns
 40255 | Orc:2    | Bought the +10 whip of the Lumpy Lives {vamp, rC+ Str+3
                  | Int+3} for 1261 gold pieces
 40315 | Orc:1    | Bought a faintly humming leather armour for 140 gold pieces
 40315 | Orc:1    | Identified the +3 leather armour "Amat" {rF+} (You bought
                  | it in a shop on level 1 of the Orcish Mines)
 40740 | Snake:1  | Entered Level 1 of the Snake Pit
 41637 | Snake:1  | Found a sacrificial altar of Ru.
 42116 | Snake:1  | Noticed Aizul
 42133 | Snake:1  | Killed Aizul
 42833 | Snake:2  | Reached XP level 17. HP: 112/121 MP: 0/0
 42833 | Snake:2  | Learned a level 7 spell: Dragon Form
 43332 | Snake:2  | Found a glowing silver altar of Zin.
 43986 | Snake:2  | Found a glowing silver altar of Zin.
 44273 | Snake:3  | Noticed Vashnia
 44622 | Snake:3  | Killed Vashnia
 44876 | Snake:3  | Noticed Akuuror's ghost (adept GrFi)
 45839 | Snake:3  | Found a transporter.
 45841 | Snake:3  | Found a transporter.
 46011 | Snake:3  | Found Ufuica's Magic Scroll Shoppe.
 46087 | Snake:3  | Found Biephyop's Book Shoppe.
 46099 | Snake:3  | Found Begit's General Store.
 46101 | Snake:3  | Found Evvauheil's Magic Scroll Shoppe.
 46292 | Snake:3  | Identified the +6 trident "Reploepi" {venom, Contam Str+5}
 46410 | Snake:3  | Noticed Bai Suzhen
 46469 | Snake:3  | Killed Bai Suzhen
 46678 | Snake:3  | Reached XP level 18. HP: 83/128 MP: 0/0
 47442 | Snake:4  | Entered Level 4 of the Snake Pit
 48608 | Snake:4  | Reached skill level 15 in Armour
 49745 | Snake:4  | Got a serpentine rune of Zot
 51067 | Snake:3  | Killed Akuuror's ghost
 51700 | Snake:3  | Found a transporter.
 51702 | Snake:3  | Found a transporter.
 51714 | Snake:3  | Found Evvauheil's Magic Scroll Shoppe.
 51719 | Snake:3  | Found Ufuica's Magic Scroll Shoppe.
 51720 | Snake:3  | Found Biephyop's Book Shoppe.
 51721 | Snake:3  | Found Begit's General Store.
 51953 | Snake:3  | Bought a scroll of enchant armour for 90 gold pieces
 51953 | Snake:3  | Bought a scroll of enchant armour for 90 gold pieces
 51953 | Snake:3  | Bought a scroll of blinking for 90 gold pieces
 52181 | Lair:1   | Bought a pair of ancient gloves for 427 gold pieces
 52181 | Lair:1   | Identified the +3 pair of gloves of Muph {rCorr} (You
                  | bought it in a shop on level 1 of the Lair of Beasts)
 52408 | Depths:1 | Entered Level 1 of the Depths
 52439 | Depths:1 | Found a magical portal.
 52439 | Depths:1 | Noticed a tentacled monstrosity
 52462 | Depths:1 | Killed a tentacled monstrosity
 52463 | Depths:1 | Reached XP level 19. HP: 118/132 MP: 0/0
 52463 | Depths:1 | Learned a level 7 spell: Summon Hydra
 52611 | Depths:1 | HP: 6/132 [spriggan air mage/the air (27)]
 52620 | Depths:1 | HP: 3/132 [spriggan air mage/the air (15)]
 52626 | Depths:1 | HP: 2/132 [spriggan air mage/the air (21)]
 52806 | WizLab   | Entered Yara's Duelist Academy
 53864 | WizLab   | Got Yara's Guidebook on the Evil Eye
 53927 | WizLab   | Noticed Quivon
 53975 | WizLab   | Killed Quivon the Head Instructor
 55144 | Depths:1 | Found a gateway to Hell.
 55743 | Depths:1 | Identified the +1 ring mail of New Discoveries {MP+9 Slay-3
                  | Stlth+}
 57269 | Depths:1 | Found a gateway to Hell.
 58099 | Swamp:1  | Entered Level 1 of the Swamp
 58649 | Swamp:1  | Found a runed translucent gate.
 58649 | Swamp:1  | Found a runed translucent gate.
 58652 | Swamp:1  | Found a runed translucent gate.
 58654 | Swamp:1  | Noticed shmup's ghost (adept TeFE)
 58814 | Swamp:1  | Noticed Mlioglotl
 58835 | Swamp:1  | Killed Mlioglotl
 59529 | Swamp:1  | Found a snail-covered altar of Cheibriados.
 59702 | Swamp:1  | Killed shmup's ghost
 59832 | Swamp:2  | Reached XP level 20. HP: 68/148 MP: 0/0
 60056 | Swamp:2  | Identified Roxanne's Commentary on Stones
 60056 | Swamp:2  | Noticed Roxanne
 60501 | Swamp:2  | Noticed Louise
 60700 | Swamp:2  | Killed Louise
 61149 | Swamp:2  | Killed Roxanne
 63323 | Swamp:4  | Entered Level 4 of the Swamp
 63338 | Swamp:4  | Reached skill level 10 in Shields
 64622 | Swamp:4  | Identified the +11 long sword of Impatience {freeze, *Rage
                  | rC+++ Str+5}
 64899 | Swamp:4  | Noticed the 27-headed Lernaean hydra
 64912 | Swamp:4  | Killed the 27-headed Lernaean hydra
 65298 | Swamp:4  | Got a decaying rune of Zot
 66235 | Depths:2 | Reached XP level 21. HP: 120/154 MP: 0/0
 66235 | Depths:2 | Learned a level 8 spell: Summon Horrible Things
 66867 | Depths:2 | You are sucked into a shaft and drop 1 floor!
 67823 | Depths:2 | Found a runed translucent gate.
 67823 | Depths:2 | Found a runed translucent gate.
 67823 | Depths:2 | Found a runed translucent gate.
 67824 | Depths:2 | Noticed Himmaryad's ghost (adept TrMo)
 67824 | Depths:2 | Noticed SweetJohnnyV's ghost (journeyman MiBe)
 68109 | Depths:2 | Found a one-way gate to the infinite horrors of the Abyss.
 68465 | Depths:2 | Found a stormy altar of Qazlal.
 68488 | Depths:2 | Found Miwnem's Jewellery Boutique.
 68627 | Depths:2 | Reached skill level 15 in Dodging
 68628 | Depths:2 | Found a one-way gate leading to the halls of Pandemonium.
 69039 | Depths:2 | Killed Himmaryad's ghost
 69368 | Depths:2 | Killed SweetJohnnyV's ghost
 69974 | Depths:3 | Reached skill level 15 in Fighting
 70495 | Depths:3 | Noticed a golden dragon
 70506 | Depths:3 | Killed a golden dragon
 70974 | Depths:3 | Noticed a juggernaut
 70993 | Depths:3 | Killed a juggernaut
 71403 | Depths:3 | Identified the ring "Ziru" {rC+ EV+5 Str+3 Int-3}
 71416 | Depths:3 | Noticed a caustic shrike
 71423 | Depths:3 | Killed a caustic shrike
 71603 | Depths:3 | Noticed a golden dragon
 71611 | Depths:3 | Killed a golden dragon
 72266 | Depths:3 | Reached XP level 22. HP: 116/166 MP: 0/0
 72409 | Depths:3 | Found a one-way gateway to a ziggurat.
 74530 | Depths:3 | Noticed a golden dragon
 74539 | Depths:3 | Killed a golden dragon
 74999 | Depths:3 | Identified the +8 great sword "Rarett" {flame, rElec Will+}
 75600 | Depths:3 | Found a glowing silver altar of Zin.
 75896 | Depths:4 | Entered Level 4 of the Depths
 75908 | Depths:4 | Found Buyfan's Armour Shop.
 76536 | Depths:4 | Found Betac's Antique Weapon Shop.
 76709 | Depths:4 | Found Urich's General Store.
 76727 | Depths:4 | Found Ratesox's Jewellery Shoppe.
 76730 | Depths:4 | Found Virishif's Book Emporium.
 77028 | Depths:4 | Identified the +2 pair of boots "Exaemur" {rPois}
 77381 | Depths:4 | Reached skill level 5 in Stealth
 77579 | Depths:4 | Noticed a golden dragon
 77594 | Depths:4 | Killed a golden dragon
 77803 | Depths:4 | Found a gate to the Realm of Zot.
 77900 | Depths:4 | Found Oreabas's Distillery.
 77904 | Depths:4 | Bought a potion of heal wounds for 55 gold pieces
 77904 | Depths:4 | Bought a potion of mutation for 88 gold pieces
 77904 | Depths:4 | Bought 2 potions of curing for 66 gold pieces
 78067 | Depths:4 | Found the +2 hood of the Assassin {Detect Stab+ Stlth++}
 78067 | Depths:4 | Identified the +2 robe "Fagov" {Harm Drain rPois SInv}
 78085 | Depths:4 | Identified the +1 robe of Altruism {-Tele +Inv rElec}
 78111 | Depths:4 | Identified the +2 hat of Bodygu {+Inv rPois}
 78119 | Depths:4 | Identified the +0 robe of the Gate {Will+}
 78146 | Depths:4 | Identified the +0 robe of Pantheism {rF+}
 78194 | Depths:4 | Found Adeo's General Store.
 78308 | Depths:4 | Reached XP level 23. HP: 137/178 MP: 0/0
 78308 | Depths:4 | Learned a level 8 spell: Infestation
 79127 | Elf:1    | Entered Level 1 of the Elven Halls
 82290 | Elf:2    | Found a runed translucent gate.
 82290 | Elf:2    | Found a runed translucent gate.
 82301 | Elf:2    | Found a runed translucent gate.
 83901 | Elf:3    | Entered Level 3 of the Elven Halls
 84995 | Elf:3    | Reached XP level 24. HP: 79/184 MP: 0/0
 86284 | Elf:3    | Identified the +6 quarterstaff "Tufidwuo" {heavy, Int+3}
 86315 | Elf:3    | Identified the +7 lajatang of Rutafev {flame, rN++ Will+
                  | Str-5}
 86422 | Elf:3    | Identified the +10 plate armour of Zuph {rN+ Will- Dex+3}
 86757 | Elf:3    | Identified the +0 spear "Vuosuen" {venom, rN++ Will- Dex+3
                  | SInv}
 86768 | Elf:3    | Reached skill level 15 in Shields
 86785 | Elf:3    | Noticed Saint Roka
 86797 | Elf:3    | Killed Saint Roka
 87201 | Elf:3    | Identified the staff of conjuration "Tyewkoj" {Stlth+}
 87208 | Elf:3    | Identified the +1 dagger of the Empty Page {heavy, +Blink
                  | rF+ Will- Int+2}
 87220 | Elf:3    | Identified the +2 hand axe of Departure {venom, rC++ Int+3
                  | Dex-5}
 87346 | Elf:3    | Gained mutation: Your spells are a little easier to cast,
                  | but a little less powerful. [a neqoxec]
 88922 | Vaults:1 | Entered Level 1 of the Vaults
 88936 | Vaults:1 | Found Oxinuquq's Weapon Boutique.
 92213 | Vaults:2 | Reached XP level 25. HP: 169/194 MP: 0/0
 92213 | Vaults:2 | Learned a level 8 spell: Disjunction
 92521 | Vaults:2 | Identified the +1 leather armour of Courage {rF++}
 93075 | Vaults:2 | You are sucked into a shaft and drop 1 floor!
 93454 | Vaults:3 | Found a staircase to the Crypt.
 95485 | Lair:1   | Bought the +0 pair of fencer's gloves {Riposte Dex+3} for
                  | 1800 gold pieces
 95485 | Lair:1   | Found the +0 pair of fencer's gloves {Riposte Dex+3}
 95973 | Vaults:2 | Noticed Asterion
 95988 | Vaults:2 | Killed Asterion
 97362 | Vaults:4 | Acquired a manual of Spellcasting
 98591 | Vaults:4 | Reached XP level 26. HP: 173/209 MP: 0/0
 98967 | Vaults:4 | Noticed Margery
 98981 | Vaults:4 | Killed Margery
 99597 | Vaults:4 | Lost mutation: Your spells are a little easier to cast, but
                  | a little less powerful. [potion of mutation]
 99597 | Vaults:4 | Gained mutation: Your muscles are strong. (Str +4, Int/Dex
                  | -1) [potion of mutation]
 99597 | Vaults:4 | Gained mutation: You expend health (3 HP) to strengthen
                  | your wands. [potion of mutation]
 99597 | Vaults:4 | Gained mutation: You are agile. (Dex +4, Str/Int -1)
                  | [potion of mutation]
100306 | Depths:4 | Bought an amulet of regeneration for 360 gold pieces
100594 | Crypt:1  | Entered Level 1 of the Crypt
101954 | Crypt:2  | Paralysed by a vampire knight for 5 turns
102201 | Crypt:3  | Entered Level 3 of the Crypt
102209 | Crypt:3  | Reached skill level 1 in Polearms
102334 | Crypt:3  | Reached skill level 5 in Polearms
103155 | Crypt:3  | Noticed Jory
103170 | Crypt:3  | Killed Jory
103269 | Crypt:3  | Found a staircase to the Tomb.
103547 | Crypt:3  | Found the +9 sword of Zonguldrok {reap}
103572 | Crypt:3  | Noticed a dread lich
103572 | Crypt:3  | Noticed a dread lich
103686 | Crypt:3  | Noticed a dread lich
103977 | Crypt:3  | Identified the ring of Nungump {*Slow rPois rC+ AC+4 Str+4}
103986 | Crypt:3  | Paralysed by a dread lich for 5 turns
103993 | Crypt:3  | Gained mutation: Your flesh is almost immune to the effects
                  | of heat. (rF+++) [a cacodemon]
103995 | Crypt:3  | Paralysed by a dread lich for 3 turns
103997 | Crypt:3  | Lost mutation: You are agile. (Dex +4, Str/Int -1) [a
                  | cacodemon]
104019 | Crypt:3  | Killed a dread lich
104021 | Crypt:3  | Paralysed by a dread lich for 2 turns
104363 | Crypt:3  | Killed a dread lich
104364 | Crypt:3  | Reached skill level 10 in Polearms
104487 | Crypt:3  | Killed a dread lich
104835 | Crypt:3  | Found a staircase to the Tomb.
105712 | Vaults:5 | Entered Level 5 of the Vaults
105721 | Vaults:5 | Reached XP level 27. HP: 114/215 MP: 0/0
105721 | Vaults:5 | Learned a level 9 spell: Death's Door
105814 | Vaults:4 | Paralysed by a sphinx for 3 turns
105898 | Vaults:5 | Noticed Mennas
106150 | Vaults:5 | Identified the +9 glaive of Guass {freeze, rCorr Int+5}
106211 | Vaults:5 | Noticed a dread lich
106302 | Vaults:5 | Paralysed by a floating eye for 3 turns
106527 | Vaults:5 | Paralysed by a dread lich for 2 turns
106551 | Vaults:4 | Killed a dread lich
107115 | Vaults:5 | Got a silver rune of Zot
107133 | Vaults:5 | Identified the +4 spear of Light {spect, Fly Str+3}
107551 | Vaults:5 | Identified the +5 plate armour "Acepo" {Str+2 SInv}
107898 | Vaults:5 | Reached skill level 15 in Polearms
109405 | Vaults:5 | Killed Mennas
109947 | Zot:1    | Entered Level 1 of the Realm of Zot
110873 | Zot:2    | Noticed an orb of fire
110888 | Zot:2    | Gained mutation: Your spells are a little easier to cast,
                  | but a little less powerful. [an orb of fire]
111435 | Lair:1   | Bought the amulet of Thoughtfulness {Acrobat Regen+ Dex+3}
                  | for 952 gold pieces
111454 | Lair:1   | Bought the ring "Bimpic" {rN++ Will+ MP+9 Dex+3 Stlth-} for
                  | 624 gold pieces
112070 | Zot:2    | Gained mutation: You are strong-willed. (Will+) [an orb of
                  | fire]
112184 | Zot:2    | Gained mutation: You occasionally lose the ability to drink
                  | potions when taking damage. [an orb of fire]
112190 | Zot:2    | Gained mutation: You are dopey. (Int -2) [an orb of fire]
112196 | Zot:2    | Gained mutation: You are occasionally teleported next to
                  | monsters. [an orb of fire]
112209 | Zot:2    | Gained mutation: Armour fits poorly on your strangely
                  | shaped body. [an orb of fire]
112214 | Zot:2    | Lost mutation: Your muscles are strong. (Str +4, Int/Dex
                  | -1) [an orb of fire]
112217 | Zot:2    | Gained mutation: Your body sometimes deteriorates upon
                  | taking damage. [an orb of fire]
112220 | Zot:2    | Gained mutation: You occasionally lose the ability to read
                  | scrolls when taking damage. [an orb of fire]
112228 | Zot:1    | Gained mutation: You are weak. (Str -2) [an orb of fire]
112229 | Zot:1    | Lost mutation: You occasionally lose the ability to read
                  | scrolls when taking damage. [an orb of fire]
112232 | Zot:1    | Gained mutation: You are very weak. (Str -4) [an orb of
                  | fire]
112247 | Zot:1    | HP: 6/215 [orb of fire/fireball (17)]
112250 | Zot:1    | Killed from afar by an orb of fire

Illustrated notes

Levels and vault maps discovered:
D:1:      wheals_arrival_linesprint, layout_loops_corners, minmay_octomino_j4
D:2:      layout_basic, uniq_robin
D:3:      wad_lake_hut, layout_basic, mainiacjoe_overflow_24_doors,
          portal_sewer_entry_c, uniq_natasha
D:4:      layout_loops_corners
D:5:      layout_basic, serial_shops, nicolae_shop_just_a_little_nook,
          ebering_ghost_rock_garden, amcnicky_mini_corridor_feature, uniq_pikel,
          uniq_eustachio, uniq_ijyb, uniq_duvessa
D:6:      layout_basic, lemuel_doored_altar, mainiacjoe_overflow_cross_hatched,
          mainiacjoe_overflow_six_doors_small, nicolae_overflow_crystal_walls,
          minmay_temple_entry_proselytizer, serial_co_window_serial,
          co_window_of_opportunity_a, co_window_corner_a, co_window_paths_a,
          co_window_paths_b, co_window_paths_b, co_window_paths_b,
          co_window_2corner, co_window_unsneaky_path_c, co_window_corner_ca,
          glass_columns_c, glass_columns_a, uniq_menkaure
D:7:      layout_rooms, mainiacjoe_overflow_surrounded_room,
          mainiacjoe_overflow_tiny_flanked, ebering_ghost_xom
D:8:      layout_basic, lemuel_tele_altar, dpeg_lair_monsters, st_stairs_9,
          nicolae_straight_to_the_point
D:9:      layout_long_grid, feat_on_display
D:10:     wad_statue_garden, layout_loops_ring, fiery_altar_vehumet,
          minmay_misc_feat_nine_boxes, uniq_maurice
D:11:     layout_stronghold, zombieorc1_lemuel, nicolae_trove_entry_isolated,
          kennysheep_dice, uniq_snorg
D:12:     layout_roguey, led_sif_pool
D:13:     layout_loops_ring, chequers_serial_rivers_large_a
D:14:     layout_small_grid, david_vaults_2,
          nicolae_uskayaw_murder_on_the_dancefloor
D:15:     grunt_enter_depths_magical_seal, layout_gridville,
          serial_park_avenue1, serial_co_window_serial, co_window_paths_a,
          co_window_corner_a, co_window_of_opportunity_a,
          co_window_of_opportunity_a, co_window_cross_1, co_window_2corner,
          co_window_2corner, co_window_unsneaky_path_b, co_window_cross_4,
          co_window_corner_b, glass_columns_a, glass_columns_c,
          pdpol_wu_jian_five_deadly_venoms
Temple:   hellmonk_temple_forest_ring
Lair:1:   layout_regular_city, gauntlet_entry_generic,
          chequers_serial_rivers_room_b, nicolae_quartered_pool_little,
          chequers_serial_rivers_micro_a
Lair:2:   layout_hall_layers, minmay_swamp_entry_worms, serial_bayou_shore_b,
          grunt_megastairs_5
Lair:3:   layout_chaotic_city, nicolae_snake_entry_warm_welcome, serial_bayou,
          serial_bayou_ford_a, serial_bayou_shore_b, serial_bayou_pond_b,
          serial_bayou_pond_c, chequers_serial_rivers_marsh
Lair:4:   layout_cave_shapes, nicolae_slime_entry_field_trip,
          bobbens_dragon_lair_wall, grunt_megastairs_2, lemuel_fruit_tree
Lair:5:   cheibrodos_lair_end_hotspot, layout_regular_city
Swamp:1:  layout_basic_swamp, gammafunk_ghost_hydra_chop,
          nicolae_swamp_dense_foliage, swamp_pool1, nicolae_swamp_godswood,
          cheibrodos_swamp_pet_leeches, uniq_mlioglotl
Swamp:2:  nicolae_swamp_decorative_isthmus, layout_falls_marsh,
          nicolae_swamp_some_circles, uniq_louise, uniq_roxanne
Swamp:3:  layout_falls_marsh, evilmike_swamp_ruin_rubble_2,
          nicolae_swamp_wisp_ring_woods
Swamp:4:  swamp_basic_johnstein, layout_basic_swamp, swamp_pool3,
          infiniplex_staircase_pool
Snake:1:  cheibrodos_snake_ritualist_ritual, layout_layer_cave, basic_altar,
          serial_bayou_shore_b, uniq_aizul
Snake:2:  kennysheep_six_static_rooms, layout_onion_interference, basic_altar,
          nicolae_snake_snakes_in_the_grass
Snake:3:  layout_gridlike, gammafunk_ghost_arena, minmay_shop_grid_forest,
          grunt_megastairs_4, uniq_vashnia, uniq_bai_suzhen
Snake:4:  grunt_snake_rune_pools, layout_cave_town, serial_bayou_shore_b
Orc:1:    layout_diamond_mine, serial_shops, nicolae_shop_stone, basic_altar
Orc:2:    st_orc_mages, layout_caves, minmay_orc_temple_b
Elf:1:    eino_elf_arrival_the_gate, layout_geoelf_diagonals,
          portal_ice_cave_entry_pillars_2, hangedman_elf_disciples
Elf:2:    nicolae_elf_blades_splatter_lattice [nicolae_blade_entry_pointy_end],
          layout_gridlike
Elf:3:    minmay_elf_hall_furrowed, layout_loops_corners, billiards_dpeg,
          uniq_saint_roka
Vaults:1: nicolae_vaults_hexular_roomagon, st_cells,
          nicolae_vaults_windows_and_doors_thing,
          hangedman_vaults_corner_blocks, nicolae_vaults_trapezoid_lopsided_2,
          v_misc_1, vaults_room_door_hall, nicolae_vaults_storage_room_doors,
          v_rooms_6, nicolae_vaults_alarming, nicolae_vaults_double_plus_3,
          nicolae_vaults_little_squares_3, nicolae_vaults_specimen_jars,
          layout_vaults_ring, serial_shops,
          nicolae_shop_competitors_out_of_business
Vaults:2: v_alt_pattern_2, dpeg_vaults_monster_box, vaults_room_large_hall,
          vaults_dpeg_encased_lava, nicolae_vaults_diamond_2,
          nicolae_vaults_closet_pinwheel_1, nicolae_vaults_circle_grid_b,
          nicolae_vaults_more_shelving_1, layout_vaults_omnigrid, uniq_asterion
Vaults:3: nicolae_vaults_tetromino_L_1, nicolae_vaults_storage_room_water,
          hangedman_vaults_variations, nicolae_vaults_closet_pinwheel_4,
          minmay_crypt_entry_simple_plaza, nicolae_vaults_shipping_containers_3,
          v_misc_3, nicolae_vaults_tetromino_Z_1,
          nicolae_vaults_stairing_the_circle, hangedman_vaults_cutoff,
          v_misc_28, v_misc_23, layout_vaults_maze
Vaults:4: ontoclasm_vaults_gateway, nicolae_vaults_storage_closets_3,
          nicolae_vaults_trapezoid_1, nicolae_vaults_house_1,
          hangedman_vaults_hat, ontoclasm_vaults_pinch, vaults_room_pool,
          v_misc_13, nicolae_vaults_door_testing_chamber,
          vaults_standard_mumra_enter_the_diamond,
          nicolae_vaults_little_squares_5, nicolae_vaults_turnstiles,
          nicolae_vaults_security_offices_6, vaults_room_stairs_pillars,
          nicolae_vaults_prndl, vaults_room_pool, layout_vaults_big_cross,
          uniq_margery
Vaults:5: uniq_mennas
Crypt:1:  layout_chaotic_city, minivault_19, grunt_crypt_arrival_webbed
Crypt:2:  statuecave_lemuel, layout_misc_corridors
Crypt:3:  david_glass_crypt, layout_chaotic_city, tomb_entry_shell_bobbens,
          minmay_strange_pillars, uniq_jory
Depths:1: grunt_bruiser_brothers, layout_basic, minmay_misc_feat_rows,
          hangedman_tar_grid_catacomb, infiniplex_enter_wizlab_water,
          serial_corexii_hall, corexii_hall_statues_t, corexii_hall_statues_s,
          chequers_hall_statues_wall_a, chequers_hall_statues_corner_a,
          chequers_hall_statues_y, chequers_hall_statues_wall_a,
          kennysheep_generic_room_4
Depths:2: minmay_curly_fans, layout_cave_pools, hell_entry,
          reono_crystal_passage, grunt_pan_entry_zigzag, abyss_entry,
          gammafunk_ghost_cemetery, minmay_shop_enchanted_jewellery,
          nicolae_qazlal_eye_of_the_storm
Depths:3: minmay_spiral_squares, layout_gridville, enter_ziggurat_a,
          hangedman_abyss_entry_splay, pan_entry, serial_sigils_hangedman_gnaw,
          grunt_hell_horde, solitary_fountain, zin_treasury
Depths:4: evilmike_zot_entry_gauntlet, layout_cross, serial_shops, shop,
          nicolae_shop_trees, nicolae_shop_back_alley_shop,
          nicolae_diamond_shop, minmay_crystal_room, hellmouth_1, abyss_entry,
          grunt_tower_of_power, minmay_shop_star
Zot:1:    layout_basic
Zot:2:    layout_onion

Skill      XL: |  1  2  3  4  5  6  7  8  9 10 11 12 13 14 15 16 17 18 19 20 21 22 23 24 25 26 27 |
---------------+----------------------------------------------------------------------------------+-----
Spellcasting   | 4 5 6 7 8 10 12 15 17 18 19 20 21 23 | 23.0
Fighting       | 3 9 11 14 16 19 20 23 | 23.0
Armour         | 8 11 17 18 19 | 19.1
Dodging        | 8 10 12 15 16 17 | 17.3
Shields        | 8 12 14 15 | 15.4
Stealth        | 5 |  5.0
Polearms       | 11 15 | 15.6

Action                     |  1- 3 |  4- 6 |  7- 9 | 10-12 | 13-15 | 16-18 | 19-21 | 22-24 | 25-27 || total
---------------------------+-------+-------+-------+-------+-------+-------+-------+-------+-------++-------
  Melee: Unarmed           |       |     4 |     2 |     5 |       |       |       |       |     3 ||    14
         Punch             |       |       |       |     1 |       |       |       |       |       ||     1
         Staff             |       |       |       |       |    11 |    39 |       |       |       ||    50
         Whip              |       |       |       |       |       |    45 |    38 |    37 |   107 ||   227
         Demon trident     |       |       |       |       |       |       |       |       |   252 ||   252
   Cast: Magic Dart        |    73 |    53 |   108 |       |       |       |       |     1 |       ||   235
         Searing Ray       |       |    14 |    11 |       |     3 |       |       |       |       ||    28
         Iskenderun's Myst |       |       |    76 |   287 |   539 |   694 |   692 |  1052 |   565 ||  3905
         Inner Flame       |       |       |       |       |     1 |       |       |       |     1 ||     2
         Alistair's Intoxi |       |       |       |       |     1 |       |       |       |     2 ||     3
         Static Discharge  |       |       |       |       |       |     6 |       |       |       ||     6
         Dazzling Flash    |       |       |       |       |       |     4 |       |       |     2 ||     6
         Dragon Form       |       |       |       |       |       |     1 |       |       |     1 ||     2
         Summon Hydra      |       |       |       |       |       |       |   203 |    37 |    59 ||   299
         Summon Forest     |       |       |       |       |       |       |     7 |       |     9 ||    16
         Summon Horrible T |       |       |       |       |       |       |       |     2 |   224 ||   226
         Infestation       |       |       |       |       |       |       |       |     2 |       ||     2
         Dispersal         |       |       |       |       |       |       |       |       |     7 ||     7
         Disjunction       |       |       |       |       |       |       |       |       |     1 ||     1
 Invoke: Call Merchant     |       |       |       |       |       |     7 |       |     4 |     3 ||    14
Ability: Breathe Fire      |       |       |       |       |       |       |       |       |     2 ||     2
         End Transformatio |       |       |       |       |       |       |       |       |     1 ||     1
  Evoke: Wand              |       |       |       |       |       |       |       |     1 |       ||     1
         Condenser vane    |       |       |       |       |       |       |       |       |     1 ||     1
    Use: Potion            |       |       |     1 |     2 |     9 |     2 |     7 |     3 |    28 ||    52
         Scroll            |       |       |       |    10 |    14 |    10 |    10 |     2 |    28 ||    74
   Stab: Distracted        |       |       |       |       |       |       |       |       |     6 ||     6
         Confused          |       |       |       |       |       |       |       |       |     1 ||     1
 Armour: Ring mail         |     2 |    14 |    24 |    21 |    70 |   154 |    14 |       |       ||   299
         Leather armour    |       |       |    13 |     2 |       |       |       |       |       ||    15
         Plate armour      |       |       |       |       |       |       |   209 |   118 |   473 ||   800
         Skin              |       |       |       |       |       |       |       |       |     2 ||     2
  Dodge: Dodged            |     8 |    21 |    44 |    52 |   151 |   316 |   225 |   333 |   647 ||  1797
  Block: Kite shield       |       |       |       |       |    66 |   235 |   177 |   237 |   317 ||  1032
         Tower shield      |       |       |       |       |       |       |       |       |   797 ||   797
Riposte: Demon trident     |       |       |       |       |       |       |       |       |   110 ||   110
